 Dungeon Crawl Stone Soup version 0.17.0-15-g6d90897 (webtiles) character file.

2142 HungrySpirit the Martial Artist (level 9, -5/64 HPs)
             Began as a White Draconian Transmuter on Nov 10, 2015.
             Was a Believer of Makhleb.
             Killed from afar by an electric eel (9 damage)
             ... with a bolt of electricity
             ... on level 6 of the Dungeon on Nov 11, 2015.
             The game lasted 00:22:09 (10208 turns).

HungrySpirit the Martial Artist (DrTm)             Turns: 10208, Time: 00:22:09

Health: -5/64      AC:  7    Str: 12    XL:     9   Next: 9%
Magic:  16/16      EV: 12    Int: 16    God:    Makhleb [**....]
Gold:   233        SH:  0    Dex: 13    Spells: 5 memorised, 3 levels left

rFire  . . .     SeeInvis .       - Unarmed
rCold  + + .     Clarity  +     (armour unavailable)
rNeg   . . .     SustAt   .     (no shield)
rPois  .         Gourm    .     (helmet restricted)
rElec  .         Spirit   .     (no cloak)
rCorr  .         Warding  .     (no gloves)
rMut   .         Stasis   .     (boots currently unavailable)
MR     .....                    j - amulet of clarity
Stlth  +.........               (no ring)
                                (no ring)

@: appendage, not resistant to hostile enchantments, very unstealthy
A: breathe frost, unfitting armour, talons 3, cold resistance 2, mutation
resistance 1, no device heal 1, cold-blooded, AC +7
a: Breathe Frost, End Transformation, Minor Destruction, Renounce Religion


You were on level 6 of the Dungeon.
You worshipped Makhleb.
Makhleb was pleased with you.
You were not hungry.
You had grown temporary talons.
You visited 2 branches of the dungeon, and saw 7 of its levels.

You collected 233 gold pieces.

Inventory:

Hand Weapons
 o - a +0 blowgun
Missiles
 a - 126 arrows
 p - 27 poisoned needles
Armour
 v - a +0 buckler
Jewellery
 j - an amulet of clarity (around neck)
 z - an uncursed amulet of resist corrosion {unknown}
 A - an uncursed ring of fire
Wands
 q - a wand of heal wounds (4)
 u - a wand of polymorph (8)
 y - a wand of random effects (23)
Scrolls
 e - 2 scrolls of teleportation
 g - a scroll of identify
 h - 3 scrolls of blinking {unknown}
 i - a scroll of recharging {unknown}
 l - a scroll of remove curse
 m - a scroll of noise {unknown}
 t - a scroll of magic mapping
 B - a scroll of fear {unknown}
 D - a scroll of vulnerability {unknown}
Potions
 f - 2 potions of might
 n - a potion of cure mutation
Books
 b - a book of Changes

   Spells                             Type                      Level
   a - Beastly Appendage              Transmutation                1
   b - Sticks to Snakes               Transmutation                2
   c - Spider Form                    Transmutation/Poison         3
   d - Ice Form                       Ice/Transmutation            4
   e - Blade Hands                    Transmutation                5
 s - a book of Dreams

   Spells                             Type                      Level
   a - Ensorcelled Hibernation        Hexes/Ice                    2
   b - Phase Shift                    Translocation                5
   c - Shadow Creatures               Summoning                    5
   d - Silence                        Hexes/Air                    5
   e - Darkness                       Hexes                        6
   f - Mass Confusion                 Hexes                        6
Comestibles
 c - 6 bread rations
 d - a royal jelly
 r - a beef jerky
 w - 4 chunks of flesh
 C - a meat ration


   Skills:
 - Level 1.1 Fighting
 - Level 1.7 Dodging
 * Level 8.2 Unarmed Combat
 + Level 5.1 Spellcasting
 * Level 7.3 Transmutations
 + Level 2.9 Ice Magic


You had 3 spell levels left.
You knew the following spells:

 Your Spells              Type           Power        Failure   Level  Hunger
a - Beastly Appendage     Trmt           ####..       1%          1    None
b - Sticks to Snakes      Trmt           ####......   1%          2    #......
c - Spider Form           Trmt/Pois      ###.......   12%         3    ###....
d - Ice Form              Ice/Trmt       ###.....     21%         4    ####...
e - Blade Hands           Trmt           ####......   21%         5    ######.


Dungeon Overview and Level Annotations

Branches:
Dungeon (6/15)             Temple (1/1) D:4

Altars:
Elyvilon
Fedhas
Gozag
Makhleb
Nemelex Xobeh
Qazlal
Ru
Sif Muna
Trog
Xom
Yredelemnul
Zin
The Shining One

Annotations:
D:3 HungrySpirit's ghost, amateur DrTm


Innate Abilities, Weirdness & Mutations

You can breathe waves of freezing cold.
You can buffet flying creatures when you breathe cold.
Your icy white scales are hard (AC +7).
Your body does not fit into most forms of armour.
Your flesh is very cold resistant.
You are cold-blooded and may be slowed by cold attacks.
You have claws for feet.
You are somewhat resistant to further mutation.
Potions and wands are less effective at restoring your health.


Message History

* * * LOW HITPOINT WARNING * * *
You barely miss the electric eel.
The electric eel is moderately wounded.
The electric eel shoots out a bolt of lightning at you!
The bolt of electricity hits you!
* * * LOW HITPOINT WARNING * * *
You barely miss the electric eel. Your kick misses the electric eel.
The electric eel is moderately wounded.
You hit the electric eel. Your kick misses the electric eel.
The electric eel is heavily wounded.
The electric eel shoots out a bolt of lightning at you!
The bolt of electricity hits you!
* * * LOW HITPOINT WARNING * * *
You hit the electric eel.
The electric eel is almost dead.
You completely miss the electric eel. Your kick misses the electric eel.
The electric eel is almost dead.
The electric eel shoots out a bolt of lightning at you!
The bolt of electricity hits you!
You die...

.......# ##.♣≈≈PP≈≈≈≈≈≈≈≈.#
.#########..♣≈≈♣≈≈≈♣≈≈≈♣♣.#
.# #.....≈≈≈≈≈≈P≈≈≈≈P..#
.#### #.##.##♣≈≈≈♣≈P≈≈♣≈..#
....# #.##.# ♣≈≈≈≈≈♣♣≈#.#
..#.# #.##.# ♣≈P≈≈♣♣###÷#
⌠.⌠.# #.##.# #≈≈≈≈≈# #.#
._..# #.##.# ##;♣P.# #.#
⌠.⌠## #.##.#####@.##.# #.#
..## #.##...........####[##
..# #.######.............#
..# #.# #.#..#..####..# ..#
#.######.#.###.......# ..#
#...........#..#####.# ..#
########.##.[..# #.# #.#
#.##>#### #.# #.# #)##[#
#.#


You could see an electric eel.

Vanquished Creatures
  2 sky beasts (D:6)
  2 ice beasts (D:5)
  2 orc warriors
  4 centaurs
  2 ogres (D:6)
  A giant frog (D:6)
  A scorpion (D:4)
  2 electric eels (D:6)
  A crimson imp (D:6)
  A centaur skeleton (D:5)
  2 hounds
  2 iguanas
  3 orc priests
  Jessica (D:2)
  3 worker ants
  6 orc wizards
  3 hound skeletons
  8 adders
  5 gnolls
  A worm (D:6)
  An adder zombie (D:3)
  28 orcs
  2 ball pythons
  11 bats
  6 giant cockroaches
  7 goblins
  6 hobgoblins
  11 jackals
  13 kobolds
  2 quokkas (D:3)
  8 giant geckos
  A giant gecko zombie (D:5)
  7 giant newts
  A jackal skeleton (D:6)
  2 quokka skeletons
  13 rats
171 creatures vanquished.

Vanquished Creatures (collateral kills)
  2 worker ants
2 creatures vanquished.

Vanquished Creatures (others)
  An adder skeleton (D:6)
  13 plants (D:6)
14 creatures vanquished.

Grand Total: 187 creatures vanquished

Notes
Turn   | Place    | Note
--------------------------------------------------------------
     0 | D:1      | HungrySpirit the Draconian Transmuter began the quest for the Orb.
     0 | D:1      | Reached XP level 1. HP: 16/16 MP: 3/3
   237 | D:1      | Reached XP level 2. HP: 21/23 MP: 3/5
  1011 | D:2      | Noticed Jessica
  1012 | D:2      | Reached XP level 3. HP: 28/28 MP: 4/6
  1019 | D:2      | Killed Jessica
  1197 | D:2      | You fall through a shaft!
  1234 | D:3      | Reached skill level 4 in Unarmed Combat
  1333 | D:2      | Found a stormy altar of Qazlal.
  1356 | D:2      | Reached XP level 4. HP: 21/35 MP: 7/7
  1931 | D:2      | Learned a level 2 spell: Sticks to Snakes
  1935 | D:2      | Learned a level 3 spell: Spider Form
  2659 | D:3      | Noticed HungrySpirit's ghost (amateur DrTm)
  2778 | D:3      | Found an opulent altar of Gozag.
  2829 | D:3      | Reached XP level 5. HP: 40/40 MP: 7/9
  3761 | D:3      | Gained mutation: You are somewhat resistant to further mutation. [potion of mutation]
  3761 | D:3      | Gained mutation: Your flesh is cold resistant. [potion of mutation]
  3761 | D:3      | Gained mutation: Potions and wands are less effective at restoring your health. [potion of mutation]
  4182 | D:4      | Found a shimmering altar of Xom.
  4578 | D:4      | Found a staircase to the Ecumenical Temple.
  4684 | Temple   | Entered the Ecumenical Temple
  4696 | Temple   | Became a worshipper of Makhleb the Destroyer
  4783 | D:4      | Reached skill level 5 in Unarmed Combat
  4822 | D:4      | Reached XP level 6. HP: 22/47 MP: 3/10
  5931 | D:4      | Your scales start taking on an icy white colour.
  5931 | D:4      | Gained mutation: Your flesh is very cold resistant. [White Draconian growth]
  5931 | D:4      | Reached XP level 7. HP: 52/52 MP: 6/12
  5965 | D:5      | Entered Level 5 of the Dungeon
  5982 | D:5      | Reached * piety under Makhleb
  5982 | D:5      | Reached skill level 6 in Unarmed Combat
  5982 | D:5      | Reached skill level 5 in Transmutations
  5990 | D:5      | Learned a level 4 spell: Ice Form
  7119 | D:5      | Reached XP level 8. HP: 19/59 MP: 5/14
  7422 | D:5      | Found a bloodstained altar of Trog.
  7737 | D:6      | Learned a level 5 spell: Blade Hands
  8062 | D:6      | Reached skill level 7 in Unarmed Combat
  8062 | D:6      | Reached skill level 1 in Ice Magic
  8531 | D:6      | Found an opulent altar of Gozag.
  8532 | D:6      | Found a white marble altar of Elyvilon.
  8825 | D:6      | Found a sparkling altar of Nemelex Xobeh.
  8865 | D:6      | Reached ** piety under Makhleb
  9754 | D:6      | Reached skill level 8 in Unarmed Combat
  9775 | D:6      | Reached skill level 5 in Spellcasting
  9775 | D:6      | Reached XP level 9. HP: 35/64 MP: 13/16
 10208 | D:6      | Killed from afar by an electric eel

Action                   |  1- 3 |  4- 6 |  7- 9 || total
-------------------------+-------+-------+-------++-------
Melee: Unarmed           |   129 |   305 |   254 ||   688
 Cast: Beastly Appendage |    22 |    42 |    23 ||    87
       Sticks to Snakes  |       |     8 |    18 ||    26
       Spider Form       |       |     3 |    12 ||    15
       Ice Form          |       |       |     1 ||     1
 Abil: Breathe Frost     |       |       |     2 ||     2
  Use: Scroll            |       |     3 |     6 ||     9
       Potion            |       |     1 |     2 ||     3
 Stab: Sleeping          |     1 |     1 |     1 ||     3
  Eat: Chunk             |     2 |    16 |    13 ||    31
       Fruit             |       |       |     4 ||     4
